 Dungeon Crawl Stone Soup version 0.31-a0-977-gc230f8ef24 (webtiles) character file.

Game seed: 7184149983014631335

279 demibob the Charlatan (level 6, -1/36 HPs)
             Began as a Deep Elf Chaos Knight on Oct 29, 2023.
             Was a Plaything of Xom.
             Killed from afar by a white imp (6 damage)
             ... with a puff of frost
             ... summoned by Xom
             ... while petrified by a chaos spawn
             ... on level 4 of the Dungeon.
             The game lasted 00:08:15 (2892 turns).

demibob the Charlatan (Deep Elf Chaos Knight)       Turns: 2892, Time: 00:08:17

Health: -1/36      AC: 10    Str:  9    XL:     6   Next: 5%
Magic:  3/8        EV:  2    Int: 19    God:    Xom [.....*]
Gold:   765        SH:  0    Dex: 14    Spells: 2/5 levels left

rFire   + . .        a - +0 spear (chaos)
rCold   . . .        (no shield)
rNeg    + + +        i - +3 leather armour
rPois   ∞            (helmet restricted)
rElec   .            (no cloak)
rCorr   .            (no gloves)
SInv    .            (no boots)
Will    .....        (no amulet)
Stlth   +            T - +4 ring of protection
HPRegen 0.26/turn    E - +5 ring of evasion
MPRegen 0.11/turn

%: no passive effects
@: petrified
A: antennae 1, fire resistance 1, wild magic 1
a: Renounce Religion


You were on level 4 of the Dungeon.
You worshipped Xom.
You were Xom's teddy bear.
You visited 1 branch of the dungeon, and saw 4 of its levels.

You collected 765 gold pieces.


Innate Abilities, Weirdness & Mutations

You have a pair of small antennae on your head.
Your flesh is heat resistant. (rF+)
Your spells are a little harder to cast, but a little more powerful.


   Skills:
 - Level 2.4 Fighting
 - Level 2.7(3.1) Polearms
 + Level 2.7(3.6) Staves
 - Level 0.7 Armour
 - Level 2.4 Dodging
 + Level 3.3 Necromancy
 + Level 3.8 Evocations


You had 2 spell levels left.
You knew the following spells:

 Your Spells              Type           Power      Damage    Failure   Level
v - Vampiric Draining     Necr           16%        2d7       30%         3

Your spell library contained the following spells:

 Spells                   Type           Power      Damage    Failure   Level
 Necrotise                Necr           64%        1d7       11%         1
 Foxfire                  Conj/Fire      0%         2x1d4     36%         1
 Agony                    Necr           16%        N/A       93%         5
 Plasma Beam              Fire/Air       0%         2x1d10    100%        6
 Starburst                Conj/Fire      0%         6d3       100%        6

Inventory:

Hand Weapons
 a - a +0 spear of chaos (weapon)
Armour
 i - a +3 leather armour (worn)
Magical Staves
 b - a staff of death {!a}
Jewellery
 f - a ring of protection from fire
 E - a +5 ring of evasion (right hand)
 F - a ring of fire
 T - a +4 ring of protection (left hand)
Wands
 d - a wand of flame (2)
 m - a wand of digging (4)
Scrolls
 c - a scroll of identify {@r1}
 l - a scroll of enchant armour
Potions
 g - 2 potions of mutation {unknown}
 h - a potion of ambrosia {unknown}
 j - 2 potions of lignification
 k - a potion of cancellation
 n - a potion of attraction

Dungeon Overview and Level Annotations

Branches:
Dungeon (4/15)
 Temple: D:4-7

Altars:

Shops:
D:3 ( D:4

[ #.# ...#.#
#.###.###########.#.# #.
............>.......##.#
..##########.#..#.###.#
### #.#..#.##.#
#.#..#.#.# #.#..#...
#.####.######
#..54@5...... #######
#.####5######
......######.### #.#
#####[.........# #.#
#..........# #.# ###
#..........# #.# ..#
#..........# #.# ..#
#..........# #. ..#
#..........######


You could see a chaos spawn (summoned), a white imp (summoned), a shadow imp
(summoned) and an ufetubus (summoned).


Message History

The ufetubus barely misses you. The white imp hits you.
The white imp freezes you. The chaos spawn hits you.
You feel your power leaking away.
The ufetubus hits you but does no damage.
The ufetubus hits you. The white imp gestures at you.
The puff of frost hits you. The chaos spawn gores you.
You easily resist.
The ufetubus hits you.
The ufetubus hits you but does no damage. x3
The white imp hits you. The white imp freezes you. The chaos spawn gores you!
* * * LOW HITPOINT WARNING * * *
The chaos spawn freezes you!
* * * LOW HITPOINT WARNING * * *
The ufetubus barely misses you.
The ufetubus hits you but does no damage.
The white imp gestures at you. The puff of frost hits you.
* * * LOW HITPOINT WARNING * * *
The chaos spawn gores you!
* * * LOW HITPOINT WARNING * * *
You feel your power leaking away.
The ufetubus hits you but does no damage.
The ufetubus hits you.
* * * LOW HITPOINT WARNING * * *
The ufetubus completely misses you.
The ufetubus hits you but does no damage.
The white imp gestures at you. The puff of frost hits you!
You die...
Xom yawns loudly!

Skill      XL: |  1  2  3  4  5 |
---------------+----------------+-----
Evocations     | 1 2 3 |  3.8
Necromancy     | 1 2 3 |  3.3
Staves         | 1 2 |  2.7
Fighting       | |  2.4
Polearms       | |  2.7
Armour         | |  0.7
Dodging        | |  2.4

Action                     |  1- 3 |  4- 6 || total
---------------------------+-------+-------++-------
  Melee: Spear             |   126 |   193 ||   319
         Punch             |     1 |     1 ||     2
         Staff             |       |    65 ||    65
  Evoke: Wand              |       |     3 ||     3
    Use: Scroll            |     5 |     3 ||     8
         Potion            |     1 |     6 ||     7
   Stab: Sleeping          |     4 |     1 ||     5
         Confused          |       |     2 ||     2
         Distracted        |       |     2 ||     2
 Armour: Leather armour    |    47 |   133 ||   180
  Dodge: Dodged            |    85 |   236 ||   321

Levels and vault maps discovered:
D:1:      psy_arrival_terrarium, layout_basic
D:2:      layout_loops_ring, hellmonk_ecumenical_altar_zigzags, uniq_sigmund
D:3:      layout_basic, serial_shops, nicolae_shop_waterfront,
          minmay_hedge_maze, guppyfry_early_lair_pool
D:4:      layout_basic, serial_shops, nicolae_shop_stone

Notes
Turn   | Place    | Note
-------+----------+-------------------------------------------
     0 | D:1      | demibob the Deep Elf Chaos Knight began the quest for the
                  | Orb.
     0 | D:1      | Reached XP level 1. HP: 13/13 MP: 3/3
    64 | D:1      | Reached skill level 1 in Evocations
    96 | D:1      | Reached XP level 2. HP: 16/18 MP: 4/4
   399 | D:1      | XOM: silly message
   459 | D:1      | Reached skill level 2 in Evocations
   551 | D:1      | Reached XP level 3. HP: 22/22 MP: 5/5
   995 | D:2      | Reached skill level 1 in Necromancy
  1005 | D:2      | Reached skill level 1 in Staves
  1082 | D:2      | Reached XP level 4. HP: 24/27 MP: 6/6
  1246 | D:2      | Identified a scroll of acquirement
  1246 | D:2      | Acquired 680 gold pieces
  1321 | D:2      | Found a faded altar of an unknown god.
  1403 | D:2      | Noticed Sigmund
  1406 | D:2      | Sigmund changed into Sigmund the river rat
  1406 | D:2      | Noticed Sigmund
  1406 | D:2      | XOM: polymorph Sigmund -> Sigmund the river rat
  1420 | D:2      | Killed Sigmund the river rat
  1673 | D:3      | Found Daenuko's Weapon Emporium.
  1673 | D:3      | XOM: 2-stop teleportation journey
  1727 | D:3      | XOM: 4-stop teleportation journey
  1837 | D:3      | XOM: noise
  1912 | D:3      | Reached skill level 2 in Necromancy
  1912 | D:3      | Reached skill level 3 in Evocations
  1969 | D:3      | XOM: summons 3 hostile demons
  2009 | D:3      | Reached XP level 5. HP: 22/31 MP: 7/7
  2167 | D:3      | XOM: give mutation
  2167 | D:3      | Gained mutation: Your spells are a little harder to cast,
                  | but a little more powerful. [Xom's mischief]
  2195 | D:3      | Reached skill level 2 in Staves
  2372 | D:4      | Noticed an ogre
  2379 | D:4      | Killed an ogre
  2380 | D:4      | Reached skill level 3 in Necromancy
  2420 | D:4      | Found Veizecah's Armour Shoppe.
  2440 | D:4      | XOM: noise
  2476 | D:4      | XOM: 2-stop teleportation journey
  2555 | D:4      | Learned a level 3 spell: Vampiric Draining
  2568 | D:4      | XOM: give mutations
  2568 | D:4      | Gained mutation: You have a pair of small antennae on your
                  | head. [Xom's mischief]
  2568 | D:4      | Gained mutation: Your flesh is heat resistant. (rF+) [Xom's
                  | mischief]
  2568 | D:4      | Gained mutation: Your flesh is very heat resistant. (rF++)
                  | [Xom's mischief]
  2580 | D:4      | Reached XP level 6. HP: 33/36 MP: 8/8
  2586 | D:4      | XOM: give mutation
  2586 | D:4      | Lost mutation: Your flesh is very heat resistant. (rF++)
                  | [Xom's mischief]
  2880 | D:4      | XOM: summons 4 hostile demons
  2881 | D:4      | Noticed a chaos spawn
  2892 | D:4      | Killed from afar by a white imp

Vanquished Creatures
  An ogre (D:4)
  An iguana (D:3)
  An orc wizard (D:3)
  3 gnolls (D:2)
  2 river rats
  An adder (D:4)
  3 dart slugs
  4 orcs (D:3)
  5 endoplasms
  5 giant cockroaches
  7 hobgoblins
  7 jackals
  7 kobolds (D:1)
  4 quokkas
  8 ball pythons
  5 bats
  4 frilled lizards
  5 goblins
  5 rats
78 creatures vanquished.

Table legend: (Time is in decaauts)
 A = Elapsed time spent in this place.
 B = Non-inter-level travel time spent in this place.
 C = Inter-level travel time spent in this place.
 D = Time resting spent in this place.
 E = Time spent auto-exploring this place.
 F = Levels seen in this place.
 G = Mean time per level.
                   A        B        C        D        E       F      G
               +--------+--------+--------+--------+--------+-----+--------+
         Total |   2877 |   2836 |     41 |    101 |   2030 |   4 |  719.2 |
       Dungeon |   2877 |   2836 |     41 |    101 |   2030 |   4 |  719.2 |
               +--------+--------+--------+--------+--------+-----+--------+

Top non-repeatable levels by time:
     D:1: 890 daAuts
     D:3: 764 daAuts
     D:2: 693 daAuts
     D:4: 529 daAuts

Table legend:
 A = Non-vault XP
 B = Vault XP
 C = Vault XP percentage of total XP
 D = Non-vault monster count
 E = Vault monster count
 F = Vault count percentage of total count
                 A         B        C        D         E       F
            +---------+---------+-------+---------+---------+-------
      Total |     385 |      14 |   3.5 |      79 |       1 |   1.2
            +---------+---------+-------+---------+---------+-------
        D:1 |      51 |       0 |   0.0 |      34 |       0 |   0.0
        D:2 |      59 |      14 |  19.2 |      12 |       1 |   7.7
        D:3 |     117 |       0 |   0.0 |      19 |       0 |   0.0
        D:4 |     158 |       0 |   0.0 |      14 |       0 |   0.0
            +---------+---------+-------+---------+---------+-------
